 Dungeon Crawl Stone Soup version 0.27.0-1-g7a089689b8 (webtiles) character file.

Game seed: 16527528957473856661

404 BOMJPIETVODKU the Digger (level 6, -4/44 HPs)
             Began as a Gnoll Earth Elementalist on Aug 4, 2021.
             Was a Follower of Cheibriados.
             Shot with an arrow by a centaur (11 damage)
             ... on level 5 of the Dungeon.
             The game lasted 00:15:31 (5025 turns).

BOMJPIETVODKU the Digger (Gnoll Earth Elementalist) Turns: 5025, Time: 00:15:31

Health: -4/44      AC:  3    Str:  9    XL:     6   Next: 86%
Magic:  7/14       EV: 14    Int: 19    God:    Cheibriados [*.....]
Gold:   271        SH:  0    Dex: 14    Spells: 9/15 levels left

rFire    . . .     SeeInvis .   h - +2 dagger (venom)
rCold    . . .     Faith    .   (no shield)
rNeg     . . .     Spirit   .   b - +0 robe
rPois    .         Reflect  .   m - +0 helmet
rElec    .         Harm     .   (no cloak)
rCorr    .         Rampage  .   (no gloves)
Will     .....                  (no boots)
Stlth    +++.......             (no amulet)
HPRegen  0.14/turn              (no ring)
MPRegen  0.14/turn              (no ring)

@: very slow
A: fangs 1, strong nose, distributed training
a: Renounce Religion, Bend Time


You were on level 5 of the Dungeon.
You worshipped Cheibriados.
Cheibriados was aware of your devotion.
You visited 2 branches of the dungeon, and saw 6 of its levels.

You collected 271 gold pieces.

Inventory:

Hand Weapons
 d - a +0 dagger
 h - a +2 dagger of venom (weapon)
 p - a +3 flail of protection
Missiles
 a - 6 boomerangs
 c - 44 stones
 j - 65 poisoned darts
Armour
 b - a +0 robe (worn)
 m - a +0 helmet (worn)
Jewellery
 f - a ring of ice
Scrolls
 i - 4 scrolls of teleportation {unknown}
 l - a scroll of enchant armour {unknown}
 n - a scroll of acquirement {unknown}
 r - a scroll of amnesia {unknown}
Potions
 e - 2 potions of curing
 g - 2 potions of mutation
 k - 2 potions of lignification
 o - a potion of attraction
 q - a potion of cancellation
 s - a potion of invisibility {unknown}
 t - a potion of heal wounds {unknown}


   Skills:
 + Level 2.1 Fighting
 + Level 2.1 Short Blades
 + Level 2.1 Long Blades
 + Level 2.1 Axes
 + Level 2.1 Maces & Flails
 + Level 2.1 Polearms
 + Level 2.1 Staves
 + Level 2.1 Slings
 + Level 2.1 Bows
 + Level 2.1 Crossbows
 + Level 2.1 Throwing
 + Level 2.1 Armour
 + Level 5.0 Dodging
 + Level 4.7 Stealth
 + Level 2.1 Shields
 + Level 2.1 Unarmed Combat
 + Level 5.4 Spellcasting
 + Level 1.7 Conjurations
 + Level 1.7 Hexes
 + Level 1.7 Summonings
 + Level 1.7 Necromancy
 + Level 1.7 Translocations
 + Level 2.7 Transmutations
 + Level 1.7 Fire Magic
 + Level 1.7 Ice Magic
 + Level 1.7 Air Magic
 + Level 5.7 Earth Magic
 + Level 1.7 Poison Magic
 + Level 2.3 Invocations
 + Level 2.1 Evocations


You had 9 spell levels left.
You knew the following spells:

 Your Spells              Type           Power      Damage    Failure   Level
a - Sandblast             Erth           54%        2d13      1%          1
b - Passwall              Tmut/Erth      17%        N/A       3%          2
c - Stone Arrow           Conj/Erth      38%        3d9       8%          3

Your spell library contained the following spells:

 Spells                   Type           Power      Damage    Failure   Level
 Static Discharge         Conj/Air       11%        N/A       9%          2
 Inner Flame              Hex/Fire       11%        N/A       17%         3
 Petrify                  Tmut/Erth      21%        N/A       21%         4
 Cause Fear               Hex            5%         N/A       50%         4
 Dispel Undead            Necr           11%        3d9       50%         4
 Passage of Golubria      Tloc           N/A        N/A       50%         4
 Sticky Flame             Conj/Fire      11%        2d3       50%         4
 Silence                  Hex/Air        5%         N/A       85%         5
 Discord                  Hex            5%         N/A       100%        8
 Lehudib's Crystal Spear  Conj/Erth      9%         10d4      100%        8


Dungeon Overview and Level Annotations

Branches:
Dungeon (5/15)             Temple (1/1) D:4

Altars:
Cheibriados
Elyvilon
Gozag
Hepliaklqana
Makhleb
Nemelex Xobeh
Okawaru
Qazlal
Sif Muna
Trog
Uskayaw
Yredelemnul


Innate Abilities, Weirdness & Mutations

You have very sharp teeth.
Your uncanny sense of smell can sniff out nearby items.
Your experience applies equally to all skills.


Message History

Cheibriados appreciates the change of pace.
The gnoll shouts!
The gnoll barely misses you.
The blast of sand misses the gnoll.
The blast of sand misses the iguana.
The centaur shouts!
The gnoll hits you from afar with a +0 halberd.
You are too injured to fight recklessly!
You are too injured to fight recklessly!
You are too injured to fight recklessly!
You are too injured to fight recklessly!
You are too injured to fight recklessly!
The gnoll closely misses you.
The gnoll hits you from afar with a +0 halberd.
The gnoll misses you. The gnoll closely misses you.
The gnoll hits you from afar with a +0 halberd.
You are too injured to fight recklessly!
You are too injured to fight recklessly!
Aiming: Sandblast (safe; 1% risk of failure)
Press: ? - help, Q - select action, (/) - cycle Shift-Dir - straight line, f/p - gnoll
Aim: a gnoll, wielding a +0 halberd (83% to hit)
The blast of sand hits the gnoll!
The gnoll is heavily wounded.
The gnoll barely misses you.
Aiming: Sandblast (safe; 1% risk of failure)
Press: ? - help, Q - select action, (/) - cycle Shift-Dir - straight line, f/p - gnoll
Aim: a gnoll, wielding a +0 halberd (heavily wounded, 83% to hit)
The blast of sand hits the gnoll!
You kill the gnoll!
Cheibriados appreciates the change of pace.
The centaur wields a +0 shortbow.
The centaur shoots an arrow.
The arrow hits you!
* * * LOW HITPOINT WARNING * * *
Found a stone staircase leading down.
The iguana misses you.
The centaur shoots an arrow.
The arrow hits you.
* * * LOW HITPOINT WARNING * * *
The centaur shoots an arrow.
The arrow barely misses you.
The centaur shoots an arrow.
The arrow hits you!
You die...

#................#
#................#
#..............<.#
#................##
##................#
## ##.....#......#..#
..
####|.###.......#.###
#.####<...........
###.).....##@....#
#....#####l.....##
#..#####...###...#
#..)....gc...>...#
#.######.####.....#
#.# ### #.#... #l#
#... ##.# #. #gc#


You could see a centaur, an iguana and a gnoll.

Vanquished Creatures
  A gnoll shaman (D:3)
  2 orc priests
  An orc wizard (D:4)
  10 gnolls
  Robin (D:2)
  7 adders
  An adder skeleton (D:4)
  3 worms
  A dart slug (D:3)
  5 orcs
  2 bats
  15 endoplasms
  2 giant cockroaches
  15 goblins
  7 hobgoblins
  6 jackals
  2 quokkas
  6 ball pythons
  4 frilled lizards
  7 kobolds
  7 rats
105 creatures vanquished.

Vanquished Creatures (others)
  A plant (D:1)
1 creature vanquished.

Grand Total: 106 creatures vanquished

Notes
Turn   | Place    | Note
-------+----------+-------------------------------------------
     0 | D:1      | BOMJPIETVODKU the Gnoll Earth Elementalist began the quest
                  | for the Orb.
     0 | D:1      | Reached XP level 1. HP: 13/13 MP: 6/6
    63 | D:1      | Reached XP level 2. HP: 16/19 MP: 0/7
   399 | D:1      | Found a faded altar of an unknown god.
   405 | D:1      | Learned a level 2 spell: Passwall
   698 | D:1      | Reached XP level 3. HP: 25/25 MP: 9/9
   707 | D:1      | Reached skill level 5 in Spellcasting
  1218 | D:2      | Noticed Robin
  1236 | D:1      | Reached skill level 1 in Invocations
  1517 | D:2      | Reached skill level 1 in Fighting
  1517 | D:2      | Reached skill level 1 in Short Blades
  1517 | D:2      | Reached skill level 1 in Long Blades
  1517 | D:2      | Reached skill level 1 in Axes
  1517 | D:2      | Reached skill level 1 in Maces & Flails
  1517 | D:2      | Reached skill level 1 in Polearms
  1517 | D:2      | Reached skill level 1 in Staves
  1517 | D:2      | Reached skill level 1 in Slings
  1517 | D:2      | Reached skill level 1 in Bows
  1517 | D:2      | Reached skill level 1 in Crossbows
  1517 | D:2      | Reached skill level 1 in Throwing
  1517 | D:2      | Reached skill level 1 in Armour
  1517 | D:2      | Reached skill level 1 in Shields
  1517 | D:2      | Reached skill level 1 in Unarmed Combat
  1517 | D:2      | Reached skill level 1 in Evocations
  1746 | D:2      | Reached XP level 4. HP: 32/32 MP: 7/11
  2303 | D:2      | Killed Robin
  2304 | D:2      | Reached skill level 1 in Conjurations
  2304 | D:2      | Reached skill level 1 in Hexes
  2304 | D:2      | Reached skill level 1 in Summonings
  2304 | D:2      | Reached skill level 1 in Necromancy
  2304 | D:2      | Reached skill level 1 in Translocations
  2304 | D:2      | Reached skill level 1 in Fire Magic
  2304 | D:2      | Reached skill level 1 in Ice Magic
  2304 | D:2      | Reached skill level 1 in Air Magic
  2304 | D:2      | Reached skill level 1 in Poison Magic
  2605 | D:3      | Reached XP level 5. HP: 31/37 MP: 7/12
  3205 | D:3      | Reached XP level 6. HP: 44/44 MP: 7/13
  3428 | D:4      | Found a stormy altar of Qazlal.
  3439 | D:4      | Found a staircase to the Ecumenical Temple.
  3466 | Temple   | Entered the Ecumenical Temple
  3496 | Temple   | Became a worshipper of Cheibriados the Contemplative
  3695 | D:4      | Learned a level 3 spell: Stone Arrow
  3751 | D:4      | Reached skill level 5 in Dodging
  4430 | D:4      | Found a hazy altar of Hepliaklqana.
  4946 | D:5      | Entered Level 5 of the Dungeon
  4995 | D:5      | Reached * piety under Cheibriados
  5025 | D:5      | Shot with an arrow by a centaur

Illustrated notes

Levels and vault maps discovered:
D:1:      tarquinn_simple_flora_water_c, layout_basic,
          dreamdust_ecumenical_altar_sealed_demon, st_stairs_5
D:2:      layout_basic, uniq_robin
D:3:      layout_basic, minivault_14
D:4:      layout_layer_cave, nzn_hepliaklqana_mist_gate,
          nicolae_qazlal_scattered_showers, minmay_temple_entry_mini_moons,
          minivault_11, kennysheep_generic_room_15
D:5:      minmay_angry_zag, layout_rooms, lemuel_round_altar,
          minmay_stone_trees_medium
Temple:   compressed_dpeg_circular_temple

Skill      XL: |  1  2  3  4  5  6 |
---------------+-------------------+-----
Transmutations | 2 |  2.7
Spellcasting   | 5 |  5.4
Invocations    | 1 2 |  2.3
Fighting       | 1 2 |  2.1
Short Blades   | 1 2 |  2.1
Long Blades    | 1 2 |  2.1
Axes           | 1 2 |  2.1
Maces & Flails | 1 2 |  2.1
Polearms       | 1 2 |  2.1
Staves         | 1 2 |  2.1
Slings         | 1 2 |  2.1
Bows           | 1 2 |  2.1
Crossbows      | 1 2 |  2.1
Throwing       | 1 2 |  2.1
Armour         | 1 2 |  2.1
Shields        | 1 2 |  2.1
Unarmed Combat | 1 2 |  2.1
Evocations     | 1 2 |  2.1
Conjurations   | 1 |  1.7
Hexes          | 1 |  1.7
Summonings     | 1 |  1.7
Necromancy     | 1 |  1.7
Translocations | 1 |  1.7
Fire Magic     | 1 |  1.7
Ice Magic      | 1 |  1.7
Air Magic      | 1 |  1.7
Poison Magic   | 1 |  1.7
Dodging        | 5 |  5.0
Stealth        | |  4.7
Earth Magic    | |  5.7

Action                   |  1- 3 |  4- 6 || total
-------------------------+-------+-------++-------
Melee: Unarmed           |     8 |       ||     8
       Dagger            |    12 |    31 ||    43
       Bite              |       |     1 ||     1
 Cast: Sandblast         |    40 |   103 ||   143
  Use: Scroll            |       |     7 ||     7
 Stab: Sleeping          |     6 |     2 ||     8
Armor: Robe              |     4 |    18 ||    22
Dodge: Dodged            |    23 |    58 ||    81
